 Dungeon Crawl Stone Soup version 0.20.0-15-g7f486f2 (webtiles) character file.

1332 maniacrov the Cleaver (level 8, -14/70 HPs)
             Began as a Minotaur Fighter on June 12, 2017.
             Was a Follower of Trog.
             Demolished by an orc warrior
             ... wielding a +0 mace
              (16 damage)
             ... on level 7 of the Dungeon.
             The game lasted 00:17:44 (4323 turns).

maniacrov the Cleaver (Minotaur Fighter)            Turns: 4323, Time: 00:17:45

Health: -14/70     AC: 12    Str: 23    XL:     8   Next: 34%
Magic:  7/7        EV:  5    Int:  5    God:    Trog [*.....]
Gold:   364        SH: 10    Dex:  8    Spells: 7/7 levels left

rFire    . . .     SeeInvis .   C - +0 war axe
rCold    + . .     Gourm    .   c - +0 shield
rNeg     . . .     Faith    .   l - +0 plate armour
rPois    +         Spirit   .   (helmet restricted)
rElec    .         Reflect  .   (no cloak)
rCorr    .         Harm     .   (no gloves)
MR       .....     Clarity  +   (no boots)
Stlth    ..........             (no amulet)
Regen    0.3/turn               g - ring of poison resistance
MPRegen  0.1/turn               A - ring of protection from cold

@: hasted, very quick
A: retaliatory headbutt, horns 2, blink, clarity, clumsy 1
a: Blink, Berserk, Burn Spellbooks, Renounce Religion


You were on level 7 of the Dungeon.
You worshipped Trog.
Trog was aware of your devotion.
You were not hungry.

You visited 2 branches of the dungeon, and saw 8 of its levels.

You collected 364 gold pieces.

Inventory:

Hand Weapons
 C - a +0 war axe (weapon)
Armour
 c - a +0 shield (worn)
 l - a +0 plate armour (worn)
Jewellery
 g - a ring of poison resistance (left hand)
 h - an uncursed ring of magical power
 k - an uncursed ring of magical power
 A - a ring of protection from cold (right hand)
Wands
 a - a wand of iceblast (8/15)
 D - a wand of enslavement (20/24)
 F - a wand of iceblast (15/15)
Scrolls
 b - a scroll of remove curse
 e - 5 scrolls of teleportation
 j - 2 scrolls of enchant armour
 o - 2 scrolls of magic mapping
 r - a scroll of blinking
Potions
 d - 2 potions of might
 i - 3 potions of brilliance
 n - a potion of curing
Comestibles
 s - 3 fruits
 t - 2 meat rations
 v - 2 bread rations
 B - a royal jelly


   Skills:
 + Level 5.7 Fighting
 + Level 8.8 Axes
 + Level 6.1 Armour
 + Level 1.3 Dodging
 + Level 0.5 Stealth
 + Level 6.4 Shields


You had 7 spell levels left.
You didn't know any spells.

Dungeon Overview and Level Annotations

Branches:
Dungeon (7/15)             Temple (1/1) D:4

Altars:
Ashenzari
Cheibriados
Dithmenos
Elyvilon
Fedhas
Gozag
Hepliaklqana
Kikubaaqudgha
Nemelex Xobeh
Qazlal
Ru
Sif Muna
Trog
Vehumet
Yredelemnul
Zin

Shops:
D:6 (


Innate Abilities, Weirdness & Mutations

You reflexively headbutt those who attack you in melee.
You have a pair of horns on your head.
You can translocate small distances at will.
You possess an exceptional clarity of mind.
You are clumsy. (Dex -2)


Message History

You feel better. The orc priest barely misses you.
You block the orc warrior's attack.
You hit the orc warrior but do no damage.
The orc warrior is almost dead.
You hit the orc priest but do no damage.
You block the orc priest's attack. The orc warrior hits you with a mace.
* * * LOW HITPOINT WARNING * * *
You closely miss the orc warrior.
The orc warrior is almost dead.
You slash the orc priest!
You kill the orc priest!
Trog accepts your kill. The orc warrior hits you with a mace.
* * * LOW HITPOINT WARNING * * *
You closely miss the orc warrior. Your headbutt misses the orc warrior.
The orc warrior is almost dead.
The orc warrior hits you with a mace!
* * * LOW HITPOINT WARNING * * *
You feel yourself speed up. The orc warrior hits you with a mace!
You die...

#.....#.#.... #####.#.#
#.### .# #.....#.# .).
.# .. ##.#####.# #. #.
.# ... .........#.#. #.
.# .... .........# ...#.
.##....
.........####.#.#.......
.........##....).....#
...####..# #o@....# ####
#..# # #.)....#
#..##.#.##.....#
#.....#........#
##.#..####(#...# #.#..#
#.#.(.# #.# .# #.#...#
#.# ## #.#...# #.# #.#
..#


You could see an orc warrior.

Vanquished Creatures
  Grinder (D:6)
  Menkaure (D:6)
  A sky beast (D:5)
  2 ogres
  A bullfrog (D:6)
  6 crimson imps
  2 hounds
  2 orc priests
  An orc wizard (D:4)
  A bullfrog skeleton (D:4)
  An iguana (D:6)
  A worker ant (D:6)
  2 killer bee zombies (D:5)
  4 gnolls (D:4)
  6 adders
  3 shadow imps
  An adder skeleton (D:4)
  2 worms
  3 dart slugs
  A leopard gecko (D:4)
  14 orcs
  2 giant cockroaches
  7 goblins
  5 hobgoblins
  A jackal (D:2)
  11 kobolds
  3 quokkas
  2 ball pythons
  10 bats
  5 frilled lizards
  A jackal zombie (D:6)
  A quokka zombie (D:7)
  4 rats
108 creatures vanquished.

Notes
Turn   | Place    | Note
-------+----------+-------------------------------------------
     0 | D:1      | maniacrov the Minotaur Fighter began the quest for the Orb.
     0 | D:1      | Reached XP level 1. HP: 19/19 MP: 0/0
   174 | D:1      | Reached XP level 2. HP: 18/27 MP: 1/1
   726 | D:2      | Reached XP level 3. HP: 33/33 MP: 2/2
  1268 | D:2      | Reached skill level 3 in Axes
  1302 | D:2      | Reached XP level 4. HP: 31/40 MP: 3/3
  1621 | D:3      | Found a faded altar of an unknown god.
  2105 | D:4      | Noticed an ogre
  2116 | D:4      | HP: 2/40 [gnoll/whip (8)]
  2118 | D:4      | Killed an ogre
  2118 | D:4      | Reached skill level 4 in Axes
  2118 | D:4      | Reached XP level 5. HP: 4/47 MP: 4/4
  2438 | D:4      | Reached skill level 5 in Axes
  2472 | D:4      | Found a staircase to the Ecumenical Temple.
  2493 | Temple   | Entered the Ecumenical Temple
  2502 | Temple   | Became a worshipper of Trog the Wrathful
  2757 | D:4      | Reached XP level 6. HP: 48/53 MP: 5/5
  2901 | D:5      | Entered Level 5 of the Dungeon
  2987 | D:5      | Noticed a sky beast
  3000 | D:5      | Killed a sky beast
  3000 | D:5      | Reached skill level 5 in Shields
  3178 | D:5      | Reached skill level 5 in Fighting
  3186 | D:5      | Reached skill level 6 in Axes
  3186 | D:5      | Reached skill level 5 in Armour
  3186 | D:5      | Reached skill level 1 in Dodging
  3505 | D:5      | Reached XP level 7. HP: 59/61 MP: 6/6
  3657 | D:6      | Found Wautal's Weapon Shoppe.
  3657 | D:6      | Noticed Grinder
  3660 | D:6      | Noticed Menkaure
  3673 | D:6      | Killed Menkaure
  3673 | D:6      | Reached skill level 7 in Axes
  3675 | D:6      | Paralysed by Grinder for 2 turns
  3678 | D:6      | Killed Grinder
  3678 | D:6      | Reached * piety under Trog
  3678 | D:6      | Reached XP level 8. HP: 61/69 MP: 7/7
  3680 | D:6      | Reached skill level 8 in Axes
  4119 | D:6      | Gained mutation: You are clumsy. (Dex -2) [potion of mutation]
  4119 | D:6      | Gained mutation: You can translocate small distances at will. [potion of mutation]
  4119 | D:6      | Gained mutation: You possess an exceptional clarity of mind. [potion of mutation]
  4317 | D:7      | HP: 3/70 [orc warrior/mace (11)]
  4322 | D:7      | HP: 2/70 [orc warrior/mace (8)]
  4323 | D:7      | Demolished by an orc warrior

Skill      XL: |  1  2  3  4  5  6  7  8 |
---------------+-------------------------+-----
Armour         | 4 5 6 |  6.1
Shields        | 4 5 6 |  6.4
Fighting       | 4 5 |  5.7
Axes           | 3 4 5 6 7 8 |  8.8
Dodging        | 1 |  1.3
Stealth        | |  0.5

Action                   |  1- 3 |  4- 6 |  7- 9 || total
-------------------------+-------+-------+-------++-------
Melee: War axe           |    87 |   112 |   114 ||   313
       Headbutt          |    12 |    12 |    18 ||    42
  Use: Scroll            |     1 |     4 |    10 ||    15
       Potion            |       |     1 |    13 ||    14
  Eat: Royal jelly       |     1 |       |       ||     1
       Bread ration      |       |     1 |       ||     1
       Meat ration       |       |     1 |       ||     1
Armor: Scale mail        |    47 |    13 |       ||    60
       Plate armour      |       |    36 |    46 ||    82
Dodge: Dodged            |    34 |    30 |    21 ||    85
Block: Shield            |    56 |    72 |    55 ||   183
